 Dungeon Crawl Stone Soup version 0.27.1-3-gb3d3a73c9e (webtiles) character file.

Game seed: 1183210442500985558

3182 Crownlay the Cleaver (level 9, -7/79 HPs)
             Began as a Minotaur Fighter on Oct 10, 2021.
             Was an Initiate of Okawaru.
             Mangled by a vampire (12 damage)
             ... on level 7 of the Dungeon.
             The game lasted 00:14:36 (8265 turns).

Crownlay the Cleaver (Minotaur Fighter)             Turns: 8265, Time: 00:14:37

Health: -7/79      AC:  8    Str: 28    XL:     9   Next: 64%
Magic:  8/8        EV: 10    Int:  5    God:    Okawaru [......]
Gold:   279        SH:  0    Dex: 10    Spells: 8/8 levels left

rFire    x . .     SeeInvis .   E - +6 war axe of Dishonour {freeze, rF- Will+ Str+4}
rCold    . . .     Faith    .   (no shield)
rNeg     . . .     Spirit   .   b - +0 scale mail
rPois    .         Reflect  .   (helmet restricted)
rElec    .         Harm     .   (no cloak)
rCorr    .         Rampage  .   (no gloves)
Will     +....                  l - +0 pair of boots
Stlth    ..........             (no amulet)
HPRegen  0.23/turn              (no ring)
MPRegen  0.11/turn              (no ring)

@: mighty
A: horns 2, retaliatory headbutt
a: Renounce Religion


You were on level 7 of the Dungeon.
You worshipped Okawaru.
Okawaru was noncommittal.
You visited 2 branches of the dungeon, and saw 8 of its levels.
You also visited: Ossuary.

You collected 279 gold pieces.

Inventory:

Hand Weapons
 E - the +6 war axe of Dishonour (weapon) {freeze, rF- Will+ Str+4}
   (You found it on level 7 of the Dungeon)

   It freezes those it strikes, dealing additional cold damage.
   It can also slow down cold-blooded creatures.
   Str:       It affects your strength (+4).
   rF:        It makes you vulnerable to fire.
   Will:      It increases your willpower.
Armour
 b - a +0 scale mail (worn)
 c - a +0 kite shield
 l - a +0 pair of boots (worn)
Jewellery
 s - an amulet of faith
 x - a +6 ring of strength
Wands
 y - a wand of mindburst (15)
Scrolls
 f - a scroll of holy word {unknown}
 g - 3 scrolls of teleportation
 i - a scroll of fear {unknown}
 j - 3 scrolls of amnesia
 m - 4 scrolls of identify {unknown}
 p - 3 scrolls of enchant armour {unknown}
 q - 2 scrolls of immolation {unknown}
 r - 2 scrolls of acquirement {unknown}
 v - a scroll of summoning {unknown}
 B - a scroll of enchant weapon {unknown}
 C - a scroll of magic mapping {unknown}
 D - a scroll of noise {unknown}
Potions
 d - 3 potions of degeneration {unknown}
 e - 4 potions of lignification
 h - a potion of flight {unknown}
 k - 4 potions of curing
 n - a potion of brilliance {unknown}
 t - a potion of ambrosia {unknown}
 u - a potion of heal wounds {unknown}
 w - a potion of attraction {unknown}
 z - a potion of cancellation {unknown}
 A - a potion of magic {unknown}


   Skills:
 * Level 7.0 Fighting
 - Level 14.0 Axes
 - Level 3.6 Armour
 + Level 5.6 Shields


You had 8 spell levels left.
You didn't know any spells.
Your spell library contained the following spells:

 Spells                   Type           Power      Damage    Failure   Level
 Magic Dart               Conj           0%         1d3       75%         1
 Shock                    Conj/Air       0%         1d3       75%         1
 Blink                    Tloc           N/A        N/A       86%         2
 Searing Ray              Conj           0%         3d3       86%         2
 Slow                     Hex            0%         N/A       86%         2
 Confusing Touch          Hex            0%         N/A       98%         3
 Gell's Gravitas          Tloc           0%         N/A       98%         3
 Lesser Beckoning         Tloc           0%         N/A       98%         3
 Ozocubu's Armour         Ice            0%         N/A       98%         3
 Teleport Other           Tloc           0%         N/A       98%         3
 Vampiric Draining        Necr           0%         2d6       98%         3
 Fulminant Prism          Conj/Hex       0%         3d6       100%        4
 Manifold Assault         Tloc           0%         N/A       100%        5
 Metabolic Englaciation   Hex/Ice        0%         N/A       100%        5
 Dispersal                Tloc           0%         N/A       100%        6
 Simulacrum               Ice/Necr       0%         N/A       100%        6
 Ozocubu's Refrigeration  Ice            0%         4d5       100%        7


Dungeon Overview and Level Annotations

Branches:
Dungeon (7/15)             Temple (1/1) D:5         Ossuary (visited)

Altars:
Dithmenos
Elyvilon
Fedhas
Gozag
Hepliaklqana
Kikubaaqudgha
Makhleb
Nemelex Xobeh
Okawaru
Qazlal
Ru
Sif Muna
Trog
Uskayaw
Vehumet
Wu Jian
Xom
Yredelemnul
Zin

Shops:
D:2 [


Innate Abilities, Weirdness & Mutations

You have a pair of horns on your head.
You reflexively headbutt those who attack you in melee.


Message History

The vampire hits you with a +0 spear! The vampire bites you!
The vampire draws strength from your injuries!
Your scale mail prevents you from hitting the vampire.
You hit the vampire.
The vampire is lightly damaged.
The vampire hits you with a +0 spear. The vampire closely misses you.
You slash the vampire! You freeze the vampire.
The vampire is heavily damaged.
The vampire barely misses you. The vampire bites you.
The vampire draws strength from your injuries!
You slash the vampire! Your headbutt misses the vampire.
The vampire is severely damaged.
The vampire hits you but does no damage.
The vampire bites you.
The vampire draws strength from your injuries!
You are too injured to fight recklessly!
You are too injured to fight recklessly!
You are too injured to fight recklessly!
You barely miss the vampire.
The vampire is heavily damaged.
The vampire draws life force from you!
* * * LOW HITPOINT WARNING * * *
The vampire is healed by the life force!
You feel very mighty all of a sudden. The vampire hits you with a +0 spear!
* * * LOW HITPOINT WARNING * * *
The vampire bites you!
* * * LOW HITPOINT WARNING * * *
The vampire draws strength from your injuries!
You slash the vampire! You freeze the vampire.
The vampire is severely damaged.
Okay, then.
You feel better. The vampire draws life force from you!
* * * LOW HITPOINT WARNING * * *
The vampire is healed by the life force!
You hit the vampire.
The vampire is severely damaged.
The vampire hits you but does no damage.
The vampire bites you!
You die...

.# #......#.##.######...###.#.#
.# #...........................
.# #......#.##..#.#....####.#.#
.# #......#)###.#..#.#.# #.... .#
#......#.# .##.#.#.# #...# ##
######.#.# ....#.#.# #...# #
#.#.# ....#.#.####...# #
####.#.####...............
#........@V...#.#.####....
###########........#.#...# #...>
.....................#...####...<
.####.#####......................
.....>..###..............####.#..
.##.#....).......................
.##.#.#.###...####...#..######...
.##.#.#..............#..# ...
.##.#.#.##....########..######...


You could see a vampire.

Vanquished Creatures
  Grinder (D:4)
  2 humans (D:7)
  2 ice beasts
  Purgy (D:4)
  A hornet zombie (Ossuary)
  An orc warrior (D:6)
  An ogre (D:5)
  2 black bears
  A phantom (D:5)
  An elf zombie (D:6)
  A wyvern zombie (Ossuary)
  A scorpion (D:6)
  An elf skeleton (D:6)
  2 water moccasin zombies (Ossuary)
  A howler monkey (D:5)
  9 bullfrog zombies (Ossuary)
  2 human zombies (D:6)
  4 centaur zombies
  A hound (D:5)
  2 jellies
  An orc priest (D:6)
  2 bullfrog skeletons
  4 human skeletons (D:6)
  Terence (D:2)
  Natasha (thrice) (D:4)
  2 orc wizards (D:5)
  A scorpion zombie (D:5)
  A killer bee zombie (Ossuary)
  A hound zombie (D:5)
  15 mummies (Ossuary)
  A hound skeleton (D:4)
  2 howler monkey zombies
  8 gnolls
  5 adders
  An ufetubus (D:4)
  4 dart slugs
  15 orcs
  6 endoplasms
  A giant cockroach (D:2)
  7 goblins
  8 hobgoblins
  7 jackals
  A quokka (D:4)
  10 ball pythons
  4 bats
  6 frilled lizards
  5 kobolds
  3 orc skeletons (D:6)
  2 rats (D:1)
164 creatures vanquished.

Vanquished Creatures (others)
  5 withered plants (Ossuary)
5 creatures vanquished.

Grand Total: 169 creatures vanquished

Notes
Turn   | Place    | Note
-------+----------+-------------------------------------------
     0 | D:1      | Crownlay the Minotaur Fighter began the quest for the Orb.
     0 | D:1      | Reached XP level 1. HP: 19/19 MP: 0/0
   119 | D:1      | Found a faded altar of an unknown god.
   123 | D:1      | Reached skill level 3 in Axes
   135 | D:1      | Got Plato's Handbook of Arcane Weapons
   148 | D:1      | Reached XP level 2. HP: 22/26 MP: 1/1
   481 | D:1      | Reached skill level 4 in Axes
   902 | D:1      | Reached XP level 3. HP: 31/31 MP: 2/2
  1048 | D:2      | Found Ynazxeam's Antique Armour Shoppe.
  1182 | D:2      | Reached skill level 5 in Axes
  1185 | D:2      | Reached XP level 4. HP: 39/39 MP: 3/3
  1274 | D:2      | Noticed Terence
  1280 | D:2      | Killed Terence
  1281 | D:2      | Reached skill level 6 in Axes
  2288 | D:3      | Reached XP level 5. HP: 35/45 MP: 4/4
  2770 | D:3      | Found an opulent altar of Gozag.
  3283 | D:4      | Reached skill level 7 in Axes
  3405 | D:4      | Noticed Natasha
  3410 | D:4      | Killed Natasha
  3413 | D:4      | Noticed Purgy
  3419 | D:4      | Killed Purgy
  3420 | D:4      | Reached skill level 8 in Axes
  3420 | D:4      | Reached XP level 6. HP: 44/51 MP: 5/5
  3649 | D:4      | Noticed Grinder
  3649 | D:4      | Paralysed by Grinder for 4 turns
  3666 | D:4      | Killed Grinder
  3667 | D:4      | Reached skill level 9 in Axes
  3667 | D:4      | Reached XP level 7. HP: 35/57 MP: 6/6
  3834 | D:4      | Noticed Natasha
  3840 | D:4      | Killed Natasha
  3916 | D:4      | Found a shadowy altar of Dithmenos.
  3950 | D:4      | Reached skill level 10 in Axes
  4043 | D:4      | Noticed Natasha
  4048 | D:4      | Killed Natasha
  4092 | D:4      | Found a sparkling altar of Nemelex Xobeh.
  4433 | D:5      | Entered Level 5 of the Dungeon
  4483 | D:5      | Found a stormy altar of Qazlal.
  4566 | D:5      | Found a staircase to the Ecumenical Temple.
  4575 | Temple   | Entered the Ecumenical Temple
  4702 | D:5      | Reached skill level 11 in Axes
  4747 | D:5      | Reached XP level 8. HP: 52/64 MP: 7/7
  5394 | D:6      | Reached skill level 12 in Axes
  5429 | D:6      | Found a sand-covered staircase.
  5443 | Ossuary  | Entered an ossuary
  5640 | Ossuary  | Reached skill level 13 in Axes
  5986 | Ossuary  | Reached XP level 9. HP: 59/70 MP: 8/8
  6219 | Ossuary  | Reached skill level 14 in Axes
  6788 | D:6      | Found a glowing silver altar of Zin.
  6821 | D:6      | Found a basalt altar of Yredelemnul.
  7105 | D:6      | Reached skill level 5 in Fighting
  7577 | D:7      | Identified the +6 war axe of Dishonour {freeze, rF- Will+
                  | Str+4}
  7590 | D:7      | Found a hazy altar of Hepliaklqana.
  7601 | D:7      | Reached skill level 5 in Shields
  7626 | D:7      | Found a shimmering altar of Xom.
  7661 | D:7      | Found an iron altar of Okawaru.
  8019 | D:7      | Became a worshipper of Warmaster Okawaru
  8262 | D:7      | HP: 1/79 [vampire (11)]
  8265 | D:7      | Mangled by a vampire

Illustrated notes

Levels and vault maps discovered:
D:1:      psy_arrival_conway, layout_basic, shapermc_ecumenical_altar_rom_forum,
          roderic_serpentine_path, minmay_ruptured
D:2:      layout_basic, serial_shops, nicolae_shop_trees, uniq_terence
D:3:      minmay_wonky_spiral, layout_loops_corners,
          mainiacjoe_overflow_alcove_1
D:4:      layout_basic, kennysheep_mini, nemelex_spade_bored_becter,
          serial_corexii_hall, corexii_hall_statues_l,
          chequers_hall_statues_corner_a, corexii_hall_statues_i,
          corexii_hall_statues_deadend, corexii_hall_statues_i,
          chequers_hall_statues_y, uniq_natasha, uniq_purgy, uniq_grinder
D:5:      layout_cave_pools, grunt_qazlal_clouds, minmay_temple_entry_mini_moons
D:6:      layout_loops_ring, yredelemnul_altar_generic,
          nicolae_overflow_hidden_temple, nicolae_ossuary_entry_catacombs,
          eino_small_chamber_without_monster, bh_walls_and_bars
D:7:      layout_basic, xom_teletrap_fun, okawaru_humans,
          mainiacjoe_overflow_brackets, nicolae_tso_besieged_by_evil,
          ashenzari_conservatory_becter
Temple:   eino_temple_lava

Skill      XL: |  1  2  3  4  5  6  7  8  9 |
---------------+----------------------------+-----
Axes           | 3 4 5 6 8 9 11 13 14 | 14.0
Fighting       | 7 |  7.0
Shields        | 5 |  5.6
Armour         | |  3.6

Action                   |  1- 3 |  4- 6 |  7- 9 || total
-------------------------+-------+-------+-------++-------
Melee: War axe           |    67 |    87 |   336 ||   490
       Headbutt          |     6 |    11 |    76 ||    93
  Use: Potion            |     1 |       |     5 ||     6
       Scroll            |       |     2 |       ||     2
Armor: Scale mail        |    32 |    41 |   104 ||   177
       Skin              |       |       |     3 ||     3
Dodge: Dodged            |    38 |    61 |   105 ||   204
